 Dungeon Sprint DCSS version 0.16.1-28-gcc2312f (webtiles) character file.

121 Kidiri the Merchant of Misery (level 4, -1/24 HPs)
             Began as a Deep Elf Necromancer on June 1, 2015.
             Was a Believer of Kikubaaqudgha.
             Slain by a warg (12 damage)
             ... in the Dungeon (Sprint VII: "The Pits").
             The game lasted 00:05:23 (870 turns).

Kidiri the Merchant of Misery (Deep Elf Necromancer) Turns: 870, Time: 00:05:23

Health: -1/24      AC:  7    Str:  5    XL:     4   Next: 76%
Magic:  16/20      EV: 15    Int: 21    God:    Kikubaaqudgha [**....]
Gold:   0          SH:  0    Dex: 15    Spells: 4 memorised, 9 levels left

rFire  . . .     SeeInvis .     r - +1 quarterstaff (protect)
rCold  . . .     Clarity  .     a - +0 robe
rNeg   . . .     SustAb   .     (no shield)
rPois  .         Gourm    .     (no helmet)
rElec  .         Spirit   .     (no cloak)
rCorr  .         Warding  .     (no gloves)
rMut   .         NoTele   +     (no boots)
MR     .....                    (no amulet)
Stlth  +++.......               (no ring)
                                (no ring)

@: not resistant to hostile enchantments, fairly stealthy
A: no striking features
a: Receive Corpses, Renounce Religion


You were in the Dungeon.
You worshipped Kikubaaqudgha.
Kikubaaqudgha was pleased with you.
You were not hungry.

You visited 1 branch

Inventory:

Hand weapons
 p - a +2 quarterstaff
 r - a +1 quarterstaff of protection (weapon)
Armour
 a - a +0 robe (worn)
Magical staves
 q - an uncursed staff of energy
Scrolls
 i - a scroll of blinking
 m - 3 scrolls of remove curse
 n - 5 scrolls of amnesia
 o - a scroll of summoning
Potions
 d - 6 potions of curing
 e - 5 potions of heal wounds
 f - a potion of haste
 g - 3 potions of magic
 h - a potion of berserk rage
 l - 2 potions of invisibility
Books
 b - a book of Necromancy

   Spells                             Type                      Level
   a - Pain                           Necromancy                   1
   b - Animate Skeleton               Necromancy                   1
   c - Vampiric Draining              Necromancy                   3
   d - Regeneration                   Charms/Necromancy            3
   e - Animate Dead                   Necromancy                   4
   f - Control Undead                 Necromancy                   4
 s - Kikubaaqudgha's Tome of Evil Rituals
   (Kikubaaqudgha gifted it to you in the Dungeon)

   Spells                             Type                      Level
   a - Pain                           Necromancy                   1
   b - Corpse Rot                     Necromancy                   2
   c - Sublimation of Blood           Necromancy                   2
   d - Vampiric Draining              Necromancy                   3
   e - Control Undead                 Necromancy                   4
Comestibles
 c - 8 bread rations
 j - 40 fruits
 k - 6 meat rations


   Skills:
 + Level 3.1 Staves
 + Level 4.9 Dodging
 + Level 5.1 Stealth
 * Level 7.4 Spellcasting
 * Level 7.7 Necromancy


You had 9 spell levels left.
You knew the following spells:

 Your Spells              Type           Power        Failure   Level  Hunger
a - Pain                  Necr           ####         1%          1    None
b - Animate Skeleton      Necr           N/A          1%          1    None
c - Vampiric Draining     Necr           #####.....   1%          3    None
d - Regeneration          Chrm/Necr      ###.......   6%          3    None


Dungeon Overview and Level Annotations

Branches:
Dungeon (1/1)

Altars:
Ashenzari
Cheibriados
Dithmenos
Elyvilon
Fedhas
Gozag
Kikubaaqudgha
Makhleb
Nemelex Xobeh
Okawaru
Qazlal
Ru
Sif Muna
Trog
Vehumet
Xom
Yredelemnul
Zin
The Shining One
Beogh
Jiyva
Lugonu


Message History

An iguana comes into view.
Casting: Pain
Confirm with . or Enter, or press ? or * to list all spells.
Aiming: Pain
Press: ? - help, Shift-Dir - straight line, f/p - warg
Aim: a warg (lightly wounded, chance 71%)
The warg convulses in agony!
The iguana hisses angrily.
The warg bites you!
* * * LOW HITPOINT WARNING * * *
Casting: Pain
Confirm with . or Enter, or press ? or * to list all spells.
Aiming: Vampiric Draining
Press: ? - help, Shift-Dir - straight line, f/p - warg
Aim: a warg (moderately wounded)
The warg is heavily wounded.
You feel life coursing into your body. The warg bites you!
Ouch! That really hurt!
You die...
Kikubaaqudgha rasps: "You have failed me!
Welcome... death!"

#...........'.....
#'#####'#####.....
#.#..#..#[[##.....
#.#..'..#))#####'#
#.#..####).##.....
#.#..#..#))##.....
#.#..#..#..##.....
#.##'#..#'###...<.
#@#..(.....##.....
#h#........##.....
#l###########.....
#.. ###### #...
#...# #.##. #.. #.
#.. .


You could see a warg and an iguana.

Vanquished Creatures
  A giant frog (D)
  A worker ant (D)
  A mummy (D)
  An adder (D)
  An ufetubus (D)
  An ooze (D)
  A bat (D)
  A bat skeleton (D)
  A bat zombie (D)
  A quokka (D)
  A giant newt (D)
  A kobold (D)
  A rat (D)
13 creatures vanquished.

Vanquished Creatures (others)
  Norris (D)
  A bat skeleton (D)
  A giant newt skeleton (D)
  A kobold skeleton (D)
  A quokka skeleton (D)
5 creatures vanquished.

Grand Total: 18 creatures vanquished

Notes
Turn   | Place    | Note
--------------------------------------------------------------
     0 | D        | Kidiri, the Deep Elf Necromancer, began the quest for the Orb.
     0 | D        | Reached XP level 1. HP: 10/10 MP: 5/5
     2 | D        | Learned a level 1 spell: Animate Skeleton
    19 | D        | Reached skill level 5 in Necromancy
    83 | D        | Killed Norris
   253 | D        | Found a sacrificial altar of Ru.
   253 | D        | Found a basalt altar of Yredelemnul.
   253 | D        | Found a shadowy altar of Dithmenos.
   253 | D        | Found a deep blue altar of Sif Muna.
   253 | D        | Found a burning altar of Makhleb.
   253 | D        | Found a shimmering altar of Xom.
   253 | D        | Found an ancient bone altar of Kikubaaqudgha.
   253 | D        | Found a sparkling altar of Nemelex Xobeh.
   254 | D        | Found a glowing golden altar of the Shining One.
   254 | D        | Found a bloodstained altar of Trog.
   254 | D        | Found a shattered altar of Ashenzari.
   254 | D        | Found a white marble altar of Elyvilon.
   254 | D        | Found a snail-covered altar of Cheibriados.
   254 | D        | Found a blossoming altar of Fedhas.
   254 | D        | Found a radiant altar of Vehumet.
   254 | D        | Found a glowing silver altar of Zin.
   254 | D        | Found a corrupted altar of Lugonu.
   254 | D        | Found a viscous altar of Jiyva.
   254 | D        | Found a roughly hewn altar of Beogh.
   254 | D        | Found an iron altar of Okawaru.
   259 | D        | Became a worshipper of Kikubaaqudgha
   265 | D        | Found a stormy altar of Qazlal.
   266 | D        | Found an opulent altar of Gozag.
   288 | D        | Reached XP level 2. HP: 8/15 MP: 6/9
   458 | D        | Acquired Kikubaaqudgha's first power
   458 | D        | Received a gift from Kikubaaqudgha
   461 | D        | Identified Kikubaaqudgha's Tome of Evil Rituals (Kikubaaqudgha gifted it to you in the Dungeon)
   462 | D        | Noticed a worker ant
   468 | D        | Killed a worker ant
   468 | D        | Reached skill level 1 in Staves
   468 | D        | Reached skill level 5 in Spellcasting
   468 | D        | Reached skill level 6 in Necromancy
   468 | D        | Reached XP level 3. HP: 13/19 MP: 6/14
   473 | D        | Learned a level 3 spell: Vampiric Draining
   477 | D        | Learned a level 3 spell: Regeneration
   542 | D        | Acquired Kikubaaqudgha's second power
   847 | D        | Noticed a warg
   848 | D        | Noticed a giant frog
   853 | D        | Killed a giant frog
   853 | D        | Reached skill level 5 in Stealth
   853 | D        | Reached skill level 7 in Spellcasting
   853 | D        | Reached XP level 4. HP: 11/24 MP: 4/20
   866 | D        | HP: 1/24 [warg (15)]
   869 | D        | Noticed an iguana
   870 | D        | Slain by a warg

Action                   |  1- 3 |  4- 6 || total
-------------------------+-------+-------++-------
Melee: Quarterstaff      |    11 |     3 ||    14
 Cast: Pain              |    18 |     4 ||    22
       Animate Skeleton  |     4 |       ||     4
       Vampiric Draining |     1 |     3 ||     4
  Use: Potion            |     2 |     2 ||     4
  Eat: Meat ration       |     1 |       ||     1
